Map: Frost LE

Players

Drager - Winner!

  • Race: Protoss Protoss
  • League: Master

Aegwynn

  • Race: Zerg Zerg
  • League: Master

VOD

https://www.youtube.com/channel/UCcSgNfDNxvyisU-eCj9xyNg/playlists

Description

Time

  • Played on: Aug. 27, 2016, 7:04 a.m.
  • Length: 10:42
Show
View Real Time Build Order
Export as new Build Order

Drager Protoss - Winner!

Build Orders:  

Get SALT Encoding   

  12  0:01  Probe (Chrono Boost)  
  13  0:11  Probe (Chrono Boost)  
  14  0:17  Pylon  
  14  0:22  Probe (Chrono Boost)  
  15  0:36  Probe (Chrono Boost)  
  15  0:39  Gateway  
  16  0:46  Probe (Chrono Boost)  
  17  0:54  Forge  
  17  0:58  Probe (Chrono Boost)  
  18  1:05  Assimilator  
  18  1:09  Probe (Chrono Boost)  
  19  1:19  Probe (Chrono Boost)  
  20  1:34  Cybernetics Core  
  20  1:35  Probe (Chrono Boost)  
  21  1:51  Zealot  
  23  2:05  Pylon  
  23  2:15  Photon Cannon  
  23  2:24  Probe (Chrono Boost)  
  23  2:28  Nexus  
  24  2:31  Assimilator, Adept  
  24  2:37  Probe (Chrono Boost)  
  27  2:38  Warp Gate  
  29  2:59  Mothership Core (Chrono Boost)  
  29  3:02  Pylon, Adept  
  29  3:04  Pylon  
  30  3:20  Photon Cannon  
  30  3:30  Gateway  
  31  3:36  Probe (Chrono Boost), Adept  
  32  3:51  Probe (Chrono Boost)  
  32  3:52  Probe (Chrono Boost)  
  34  4:01  Probe (Chrono Boost)  
  35  4:04  Probe (Chrono Boost)  
  36  4:12  Probe (Chrono Boost)  
  36  4:16  Twilight Council, Probe (Chrono Boost)  
  38  4:22  Probe (Chrono Boost)  
  39  4:29  Probe (Chrono Boost)  
  40  4:33  Probe (Chrono Boost)  
  41  4:40  Probe (Chrono Boost)  
  41  4:42  Resonating Glaives  
  41  4:43  Adept x2  
  41  4:44  Probe (Chrono Boost)  
  47  4:51  Probe (Chrono Boost)  
  48  4:54  Probe (Chrono Boost)  
  49  5:03  Probe (Chrono Boost)  
  49  5:04  Pylon  
  49  5:05  Probe (Chrono Boost)  
  51  5:13  Gateway  
  52  5:15  Probe (Chrono Boost), Gateway  
  52  5:16  Probe (Chrono Boost)  
  53  5:22  Adept x2  
  53  5:27  Probe (Chrono Boost)  
  58  5:29  Assimilator  
  58  5:30  Probe (Chrono Boost)  
  58  5:32  Assimilator  
  59  5:39  Probe (Chrono Boost)  
  59  5:40  Probe (Chrono Boost)  
  59  5:42  Stargate x2  
  61  5:51  Probe (Chrono Boost)  
  61  5:56  Adept x2  
  66  5:58  Probe (Chrono Boost)  
  66  5:59  Pylon  
  66  6:03  Probe (Chrono Boost)  
  68  6:08  Probe (Chrono Boost)  
  69  6:16  Pylon  
  69  6:25  Phoenix x2  
  69  6:28  Probe (Chrono Boost)  
  73  6:36  Probe (Chrono Boost)  
  72  6:43  Nexus  
  62  6:47  Phoenix x2  
  66  6:59  Adept x4  
  68  7:07  Probe x2 (Chrono Boost), Pylon  
  70  7:13  Phoenix x2  
  74  7:23  Adept x4  
  74  7:26  Probe (Chrono Boost)  
  83  7:35  Phoenix  
  84  7:37  Probe (Chrono Boost)  
  84  7:43  Adept x4  
  86  7:46  Phoenix  
  85  7:52  Probe (Chrono Boost)  
  85  7:55  Probe (Chrono Boost)  
  85  7:56  Probe (Chrono Boost)  
  85  7:58  Phoenix  
  87  8:04  Probe (Chrono Boost)  
  91  8:05  Probe (Chrono Boost)  
  91  8:08  Probe (Chrono Boost)  
  91  8:12  Adept x3  
  98  8:19  Phoenix  
  99  8:20  Phoenix  
  99  8:21  Probe (Chrono Boost)  
  99  8:26  Adept  
  105  8:40  Phoenix  
  105  8:41  Gateway  
  105  8:47  Gateway  
  103  8:50  Probe x2 (Chrono Boost)  
  103  8:52  Gateway  
  103  8:55  Adept x2  
  101  9:11  Pylon  
  101  9:14  Pylon  
  101  9:15  Pylon x2  
  101  9:25  Phoenix x2  
  101  9:30  Probe x2 (Chrono Boost)  
  107  9:32  Robotics Facility, Pylon  
  107  9:38  Adept x4  
  107  9:40  Probe (Chrono Boost)  
  107  9:42  Probe (Chrono Boost)  
  117  9:47  Phoenix x2  
  121  10:02  Adept x6  
  133  10:09  Phoenix x2  
  133  10:12  Assimilator  
  133  10:14  Assimilator  
  137  10:25  Adept x2  
Show
View Real Time Build Order
Export as new Build Order

Aegwynn Zerg 

Build Orders: Pool First 

Get SALT Encoding   

  12  0:01  Drone  
  13  0:09  Drone  
  13  0:12  Extractor  
  13  0:17  Drone  
  14  0:33  Spawning Pool  
  13  0:37  Drone  
  13  0:42  Extractor  
  13  0:44  Drone  
  15  0:54  Overlord  
  15  1:25  Metabolic Boost  
  15  1:31  Hatchery  
  14  1:34  Zergling x2  
  15  1:46  Zergling x6  
  18  1:57  Queen  
  20  2:05  Overlord  
  20  2:10  Drone  
  21  2:20  Drone  
  22  2:45  Queen  
  22  2:46  Zergling x2  
  25  2:51  Drone  
  25  2:56  Zergling x2  
  27  3:01  Hatchery  
  26  3:06  Zergling x2  
  27  3:16  Drone x2  
  27  3:17  Drone x3  
  27  3:19  Zergling x2  
  30  3:31  Drone x2  
  29  3:45  Drone  
  29  3:53  Hatchery  
  28  3:57  Drone  
  28  4:01  Drone  
  30  4:07  Evolution Chamber  
  29  4:10  Drone x3  
  29  4:14  Drone  
  33  4:19  Queen  
  35  4:26  Drone  
  35  4:27  Drone  
  37  4:33  Zerg Melee Weapons Level 1  
  37  4:35  Drone  
  38  4:48  Drone  
  38  4:49  Drone x2, Baneling Nest  
  40  5:00  Overlord x3  
  40  5:09  Queen  
  40  5:10  Drone x4  
  46  5:17  Zergling x2  
  47  5:32  Roach Warren  
  47  5:35  Spine Crawler  
  44  5:40  Zergling x2  
  44  5:41  Zergling x18  
  54  5:46  Overlord  
  54  5:58  Zergling x10  
  54  6:03  Overlord x2  
  59  6:16  Roach x4  
  59  6:17  Roach x2  
  71  6:24  Baneling x3  
  70  6:26  Zergling x2  
  70  6:27  Zergling x8  
  72  6:38  Roach x2, Zergling x2  
  72  6:39  Zergling x2  
  61  6:48  Drone  
  61  6:50  Drone x2  
  60  7:05  Drone x2  
  60  7:06  Drone x2  
  60  7:07  Queen  
  66  7:10  Drone  
  67  7:17  Baneling  
  67  7:18  Drone  
  67  7:19  Drone x3  
  67  7:20  Drone x2  
  73  7:26  Drone x2  
  73  7:29  Drone x3  
  78  7:31  Extractor  
  78  7:32  Overlord  
  68  7:46  Zergling x12  
  60  7:59  Drone x3  
  60  8:02  Extractor  
  60  8:03  Lair  
  60  8:04  Drone x3  
  65  8:07  Zergling x8  
  66  8:13  Spore Crawler x2  
  66  8:17  Spore Crawler, Drone  
  66  8:19  Queen x2  
  65  8:26  Drone x2  
  65  8:27  Drone  
  65  8:31  Spore Crawler  
  65  8:33  Baneling  
  65  8:34  Baneling x6  
  63  8:36  Drone  
  63  8:37  Drone  
  63  8:38  Drone x2  
  64  8:52  Drone x9  
  66  9:10  Hydralisk Den, Drone x2  
  66  9:11  Drone  
  66  9:15  Extractor  
  66  9:17  Zergling x16  
  71  9:24  Overlord  
  71  9:30  Zergling x6  
  74  9:36  Baneling  
  74  9:39  Overlord x3  
  74  9:43  Drone x2  
  74  9:44  Drone, Extractor  
  74  9:45  Zergling x10  
  79  9:56  Overlord x2  
  79  9:57  Overlord  
  79  10:03  Zergling x4  
  81  10:07  Extractor  
  81  10:08  Drone  
  81  10:15  Drone x3  
  81  10:16  Spore Crawler  
  81  10:25  Drone x3  
Tags
 
Add a new tag
Caveats
  • Supply blocks, unpowered buildings, or Contaminate may cause inaccurate times.
  • Supply counts are checked every 10 seconds.